 Dungeon Crawl Stone Soup version 0.32-a0-612-g1c984fe9d1 (webtiles) character file.

Game seed: 10773300080528134715

50 cforsyth the Grave Robber (level 3, -4/45 HPs)
             Began as a Mountain Dwarf Necromancer on Mar 4, 2024.
             Killed from afar by Natasha (10 damage)
             ... with a magic dart
             ... on level 2 of the Dungeon.
             The game lasted 00:04:32 (1576 turns).

cforsyth the Grave Robber (MDNe)                    Turns: 1576, Time: 00:04:32

Health: -4/45      AC: 21    Str: 12    XL:     3   Next: 55%
Magic:  0/5        EV:  2    Int: 15    God:
Gold:   87         SH:  0    Dex: 10    Spells: 4/5 levels left

rFire   . . .        (no weapon)
rCold   . . .        (no shield)
rNeg    . . .        a - melded +0 robe
rPois   +            (helmet currently unavailable)
rElec   .            (cloak currently unavailable)
rCorr   .            (gloves currently unavailable)
SInv    .            (boots currently unavailable)
Will    .....        (no amulet)
Stlth   ++           (no ring)
HPRegen 0.27/turn    (no ring)
MPRegen 0.09/turn

%: no passive effects
@: brilliant, tree-form
A: stationary, stasis, torment immunity, boosted hp, runic magic, artefact
enchanting
a: no special abilities


You were on level 2 of the Dungeon.
You were a tree.
You visited 1 branch of the dungeon, and saw 2 of its levels.

You collected 87 gold pieces.


Innate Abilities, Weirdness & Mutations

You are a tree.
Your roots penetrate the ground, keeping you stationary.
You cannot be teleported.
You are immune to unholy pain and torment.
Your maximum health is greatly increased.
Your equipment is partially melded.
Your spellcasting is much less encumbered by armour.
You can use scrolls of enchantment on lesser artefacts.


   Skills:
 + Level 2.4 Fighting
 - Level 1.3 Dodging
 - Level 1.4 Stealth
 - Level 1.7 Spellcasting
 + Level 5.2 Necromancy


You had 4 spell levels left.
You knew the following spells:

 Your Spells              Type           Power      Damage    Failure   Level
X - Necrotise             Necr           100%       1d9       2%          1

Your spell library contained the following spells:

 Spells                   Type           Power      Damage    Failure   Level
 Vampiric Draining        Necr           25%        2d7       9%          3
 Animate Dead             Necr           25%        N/A       26%         4
 Hailstorm                Conj/Ice       1%         3d5       56%         3
 Summon Ice Beast         Ice/Summ       1%         N/A       56%         3
 Curse of Agony           Necr           25%        N/A       58%         5
 Sculpt Simulacrum        Ice/Alch       0%         N/A       100%        6

Inventory:

Missiles
 g - 5 poisoned darts
Armour
 a - a +0 robe (melded)
Scrolls
 d - 4 scrolls of identify {unknown}
 e - a scroll of teleportation {unknown}
Potions
 b - a potion of magic
 c - a potion of brilliance

Dungeon Overview and Level Annotations

Branches:
Dungeon (2/15)

Altars:

Annotations:
D:2 Natasha

####### #.#
#.....#######.#####
#.....#...........# .
#.....#...........#
.#######...#...........#
...........#...........#
#.....#....#######.#####
#.....#....#.....h..#
#.#.#.#.........♣...+
#.....#....#......[.#
#.....#....#........#
#.#.#.##...#........#
#.....##...#........#
#.....##...#........#
#.#.#.##...#........#
#.....#.............+
#.....#


You could see Natasha.


Message History

Natasha is moderately wounded.
Natasha claws you!
* * * LOW HITPOINT WARNING * * *
You hit Natasha but do no damage.
Natasha is moderately wounded.
Natasha claws you.
* * * LOW HITPOINT WARNING * * *
Casting: Necrotise (safe; 2% risk of failure)
Confirm with . or Enter, or press ? or * to list all spells.
Aiming: Necrotise (safe; 2% risk of failure)
Press: ? - help, Shift-Dir - straight line, f/p - Natasha
Aim: Natasha (moderately wounded, chance to affect: 73%) Natasha struggles to resist.
Natasha claws you.
* * * LOW HITPOINT WARNING * * *
Unknown command.
Unknown command.
It was a potion of brilliance.
You feel clever all of a sudden. Natasha barely misses you.
It was a potion of lignification.
You turn into a tree.
Your +0 robe melds into your body.
Your roots penetrate the ground.
Natasha stares at you and mumbles some strange words.
The magic dart hits you.
* * * LOW HITPOINT WARNING * * *
You smack Natasha!
Natasha is almost dead.
Natasha stares at you and mumbles some strange words.
The magic dart hits you!
You die...
Natasha curls up and begins to purr.

Skill      XL: |  1  2 |
---------------+-------+-----
Fighting       | 1 2 |  2.4
Necromancy     | 5 |  5.2
Dodging        | |  1.3
Stealth        | |  1.4
Spellcasting   | |  1.7

Action                     || total
---------------------------++-------
  Melee: Unarmed           ||    29
   Cast: Necrotise         ||    56
    Use: Potion            ||     2
 Armour: Robe              ||    34
         Skin              ||     2
  Dodge: Dodged            ||    35

Levels and vault maps discovered:
D:1:      lightli_arrival_noodles, layout_basic
D:2:      layout_basic, columned_hall_lemuel, uniq_natasha

Notes
Turn   | Place    | Note
-------+----------+-------------------------------------------
     0 | D:1      | cforsyth the Mountain Dwarf Necromancer began the quest for
                  | the Orb.
     0 | D:1      | Reached XP level 1. HP: 14/14 MP: 3/3
    98 | D:1      | Reached skill level 1 in Fighting
   218 | D:1      | Reached XP level 2. HP: 22/23 MP: 0/4
   777 | D:1      | Reached skill level 5 in Necromancy
   905 | D:2      | Reached skill level 2 in Fighting
   905 | D:2      | Reached XP level 3. HP: 29/29 MP: 3/5
  1559 | D:2      | Noticed Natasha
  1576 | D:2      | Killed from afar by Natasha

Vanquished Creatures
  An adder (D:2)
  A dart slug (D:1)
  3 ball pythons
  2 endoplasms
  4 giant cockroaches
  5 goblins
  3 hobgoblins
  3 quokkas
  A bat (D:1)
  4 frilled lizards
  4 kobolds
  5 rats
36 creatures vanquished.

Table legend: (Time is in decaauts)
 A = Elapsed time spent in this place.
 B = Non-inter-level travel time spent in this place.
 C = Inter-level travel time spent in this place.
 D = Time resting spent in this place.
 E = Time spent auto-exploring this place.
 F = Levels seen in this place.
 G = Mean time per level.
                   A        B        C        D        E       F      G
               +--------+--------+--------+--------+--------+-----+--------+
         Total |   1575 |   1570 |      5 |     18 |   1234 |   2 |  787.5 |
       Dungeon |   1575 |   1570 |      5 |     18 |   1234 |   2 |  787.5 |
               +--------+--------+--------+--------+--------+-----+--------+

Top non-repeatable levels by time:
     D:1: 900 daAuts
     D:2: 675 daAuts

Table legend:
 A = Non-vault XP
 B = Vault XP
 C = Vault XP percentage of total XP
 D = Non-vault monster count
 E = Vault monster count
 F = Vault count percentage of total count
                 A         B        C        D         E       F
            +---------+---------+-------+---------+---------+-------
      Total |      72 |       0 |   0.0 |      36 |       0 |   0.0
            +---------+---------+-------+---------+---------+-------
        D:1 |      40 |       0 |   0.0 |      24 |       0 |   0.0
        D:2 |      32 |       0 |   0.0 |      12 |       0 |   0.0
            +---------+---------+-------+---------+---------+-------
